 Dungeon Crawl Stone Soup version 0.31.0-32-g396128a36d (webtiles) character file.

Game seed: 14281082038066614663

207 Henri the Vexing (level 5, -5/26 HPs)
             Began as a Spriggan Hexslinger on Apr 12, 2024.
             Slain by a black bear (7 damage)
             ... on level 4 of the Dungeon.
             The game lasted 00:14:12 (3798 turns).

Henri the Vexing (Spriggan Hexslinger)              Turns: 3798, Time: 00:14:13

Health: -5/26      AC:  2    Str:  4    XL:     5   Next: 54%
Magic:  8/8        EV: 17    Int: 15    God:
Gold:   241        SH:  0    Dex: 19    Spells: 1/6 levels left

rFire   . . .        a - +1 sling
rCold   . . .        (no shield)
rNeg    . . .        c - +0 robe
rPois   .            (helmet restricted)
rElec   .            (no cloak)
rCorr   .            (gloves unavailable)
SInv    +            (boots unavailable)
Will    .....        (no amulet)
Stlth   +++          (no ring)
HPRegen 0.24/turn    (no ring)
MPRegen 0.11/turn

%: no passive effects
@: very quick
A: very small, no large weapons, unfitting armour, see invisible, speed 3
a: no special abilities


You were on level 4 of the Dungeon.
You visited 1 branch of the dungeon, and saw 4 of its levels.

You collected 241 gold pieces.

Inventory:

Hand Weapons
 a - a +1 sling (weapon)
Armour
 c - a +0 robe (worn)
Jewellery
 k - an amulet of guardian spirit
Scrolls
 b - a scroll of poison
 f - a scroll of torment {unknown}
 i - 2 scrolls of enchant weapon {unknown}
 n - 2 scrolls of fear {unknown}
 o - a scroll of immolation {unknown}
 r - a scroll of silence {unknown}
Potions
 d - 2 potions of mutation
 e - 4 potions of heal wounds
 g - a potion of lignification {unknown}
 h - 3 potions of might
 j - 2 potions of curing {unknown}
 l - a potion of brilliance {unknown}
 m - a potion of berserk rage {unknown}
 p - a potion of magic {unknown}
 q - a potion of enlightenment {unknown}


   Skills:
 + Level 2.0 Fighting
 * Level 4.0 Ranged Weapons
 - Level 2.6 Dodging
 + Level 3.5 Stealth
 - Level 1.3 Spellcasting
 + Level 4.7 Hexes
 - Level 0.7 Fire Magic


You had one spell level left.
You knew the following spells:

 Your Spells              Type           Power      Damage    Failure   Level
a - Jinxbite              Hex            30%        N/A       5%          2
b - Sigil of Binding      Hex            15%        N/A       11%         3

Your spell library contained the following spells:

 Spells                   Type           Power      Damage    Failure   Level
 Inner Flame              Hex/Fire       9%         N/A       24%         3
 Cause Fear               Hex            7%         N/A       34%         4
 Dimensional Bullseye     Hex/Tloc       4%         N/A       65%         4


Dungeon Overview and Level Annotations

Branches:
Dungeon (4/15)
 Temple: D:4-7

Altars:
Ashenzari
Yredelemnul

Annotations:
D:2 return with dig, Sigmund
D:3 TreeFish's ghost, amateur HuCj
D:4 1 runed translucent door, Grinder; Route97's ghost, amateur FeAE


Innate Abilities, Weirdness & Mutations

You are very small and have problems with some larger weapons.
You are too small for most types of armour.
You have supernaturally acute eyesight. (SInv)
You cover ground extremely quickly. (Speed+++)


Message History

Press: ? - help, Q - select action, (/) - cycle Shift-Dir - straight line, f/p - black bear
Aim: a black bear (severely wounded, 70% to hit)
You shoot a sling bullet.
The sling bullet barely misses the black bear.
Unknown command.
Fire: a) +1 sling
Press: ? - help, Q - select action, (/) - cycle Shift-Dir - straight line, f/p - black bear
Aim: a black bear (severely wounded, 70% to hit)
You shoot a sling bullet.
The sling bullet closely misses the black bear.
Unknown command.
Fire: a) +1 sling
Press: ? - help, Q - select action, (/) - cycle Shift-Dir - straight line, f/p - black bear
Aim: a black bear (heavily wounded, 70% to hit)
You shoot a sling bullet. The sling bullet hits the black bear!
The black bear is almost dead.
The black bear goes berserk!
Fire: a) +1 sling
Press: ? - help, Q - select action, (/) - cycle Shift-Dir - straight line, f/p - black bear
Aim: a black bear (almost dead, berserk, 70% to hit)
You shoot a sling bullet.
The sling bullet hits the black bear but does no damage.
The black bear is almost dead.
Fire: a) +1 sling
Press: ? - help, Q - select action, (/) - cycle Shift-Dir - straight line, f/p - black bear
Aim: a black bear (almost dead, berserk, 70% to hit)
You shoot a sling bullet.
The sling bullet barely misses the black bear.
The black bear rages.
The black bear attacks as it pursues you!
The black bear bites you! The black bear barely misses you.
The black bear completely misses you.
The black bear attacks as it pursues you!
The black bear completely misses you. The black bear claws you.
The black bear closely misses you.
The black bear attacks as it pursues you!
The black bear bites you!
* * * LOW HITPOINT WARNING * * *
The black bear claws you!
You die...

.#...............#......
......#.##########.###.#
.####...................
.................#.#....
.####.#.##.....#.#......
#.#.##.#####.....#.#
#................#.#
.#.##.#h#.####.....#.#.#
#.#.......@>..#
#..########
......#.#.#..###..+SSW #
#.>#.##.#.#.......########
#..#.##........#...#####..
#..#.##.#.#....#..........
#..#.##.#.#....##.## ##..
#...............(.######.#
#....l....#..###h........#
#.l#.######..# ..........


You could see a black bear (berserk).

Vanquished Creatures
  A hound (D:4)
  Jessica (D:2)
  An iguana (D:3)
  Robin (D:2)
  3 adders
  A dart slug (D:1)
  4 orcs
  9 endoplasms
  2 giant cockroaches
  10 hobgoblins
  5 kobolds
  7 quokkas
  6 ball pythons
  8 bats
  2 frilled lizards
  14 goblins
  3 rats (D:1)
78 creatures vanquished.

Notes
Turn   | Place    | Note
-------+----------+-------------------------------------------
     0 | D:1      | Henri the Spriggan Hexslinger began the quest for the Orb.
     0 | D:1      | Reached XP level 1. HP: 9/9 MP: 3/3
   180 | D:1      | Reached skill level 1 in Fighting
   213 | D:1      | Reached skill level 1 in Stealth
   213 | D:1      | Reached XP level 2. HP: 14/14 MP: 5/5
   411 | D:1      | Learned a level 2 spell: Jinxbite
   744 | D:2      | Reached XP level 3. HP: 18/18 MP: 6/6
  1218 | D:2      | Noticed Robin
  1304 | D:2      | Noticed Jessica
  1384 | D:2      | Killed Robin
  1385 | D:2      | Reached XP level 4. HP: 22/22 MP: 7/7
  1669 | D:2      | Noticed Sigmund
  1782 | D:2      | Killed Jessica
  2003 | D:3      | Learned a level 3 spell: Sigil of Binding
  2132 | D:3      | Found a runed translucent door.
  2140 | D:3      | Noticed TreeFish's ghost (amateur HuCj)
  2183 | D:3      | Found a basalt altar of Yredelemnul.
  3175 | D:4      | Found a broken altar of Ashenzari.
  3225 | D:4      | Found a runed translucent door.
  3228 | D:4      | Noticed a black bear
  3269 | D:3      | Reached XP level 5. HP: 26/26 MP: 8/8
  3492 | D:4      | Noticed Grinder
  3700 | D:4      | Noticed Route97's ghost (amateur FeAE)
  3798 | D:4      | Slain by a black bear

Illustrated notes

Levels and vault maps discovered:
D:1:      spicycebolla_arrival_clurvy, layout_basic
D:2:      layout_basic, serial_glass, glass_columns_a, glass_columns_b,
          glass_columns_b, glass_columns_a, glass_columns_c, glass_columns_a,
          glass_columns_b, glass_columns_b, item_on_display_a,
          minmay_strange_pillars, minmay_strange_pillars, item_on_display_b,
          minmay_misc_feat_tower, uniq_jessica, uniq_robin, uniq_sigmund
D:3:      layout_basic, mainiacjoe_overflow_alcove_4, gammafunk_ghost_grave,
          nicolae_elevator_lobby_plus
D:4:      layout_basic, nicolae_overflow_crystal_walls, ebering_ghost_sewer_d,
          uniq_grinder

Skill      XL: |  1  2  3  4  5 |
---------------+----------------+-----
Fighting       | 1 2 |  2.0
Stealth        | 1 2 3 |  3.5
Hexes          | 4 |  4.7
Ranged Weapons | 3 4 |  4.0
Dodging        | |  2.6
Spellcasting   | |  1.3
Fire Magic     | |  0.7

Action                     |  1- 3 |  4- 6 || total
---------------------------+-------+-------++-------
   Fire: Sling             |   129 |   140 ||   269
    Use: Scroll            |       |     3 ||     3
 Armour: Robe              |     9 |    20 ||    29
  Dodge: Dodged            |    33 |    23 ||    56
